 Dungeon Crawl Stone Soup version 0.26-a0-257-g47e9e61525 (webtiles) character file.

Game seed: 13175155787504735403

56 BritishOli the Skirmisher (level 3, 0/29 HPs)
             Began as a Demonspawn Fighter on July 10, 2020.
             Slain by a hobgoblin (2 damage)
             ... led by Robin
             ... on level 2 of the Dungeon.
             The game lasted 00:00:45 (1241 turns).

BritishOli the Skirmisher (Demonspawn Fighter)      Turns: 1241, Time: 00:00:45

Health: 0/29       AC:  6    Str: 17    XL:     3   Next: 69%
Magic:  3/3        EV:  6    Int:  9    God:
Gold:   78         SH:  8    Dex: 12    Spells: 2/2 levels left

rFire    . . .     SeeInvis .   a - +0 long sword
rCold    . . .     Faith    .   c - +0 kite shield
rNeg     . . .     Spirit   .   b - +0 scale mail
rPois    .         Reflect  .   (no helmet)
rElec    .         Harm     .   (no cloak)
rCorr    .                      (no gloves)
MR       .....                  (no boots)
Stlth    ..........             (no amulet)
HPRegen  0.09/turn              (no ring)
MPRegen  0.08/turn              (no ring)

@: drained
A: talons 1, powered by pain 1
a: no special abilities


You were on level 2 of the Dungeon.
You were not hungry.

You visited 1 branch of the dungeon, and saw 2 of its levels.

You collected 78 gold pieces.

Inventory:

Hand Weapons
 a - a +0 long sword (weapon)
Armour
 b - a +0 scale mail (worn)
 c - a +0 kite shield (worn)
Jewellery
 l - a cursed ring of see invisible {unknown}
Scrolls
 e - a scroll of remove curse {unknown}
 g - a scroll of immolation {unknown}
 i - a scroll of random uselessness {unknown}
 m - a scroll of enchant armour {unknown}
 o - a scroll of fog {unknown}
Potions
 d - a potion of might
 h - a potion of brilliance {unknown}
 j - 2 potions of flight {unknown}
 k - a potion of curing {unknown}
 n - a potion of haste {unknown}
Comestibles
 f - 3 rations


   Skills:
 + Level 3.4(2.5) Fighting
 + Level 2.4(1.5) Long Blades
 + Level 3.1(2.2) Armour
 + Level 3.1(2.2) Shields


You had 2 spell levels left.
You didn't know any spells.
Your spell library was empty.

Dungeon Overview and Level Annotations

Branches:
Dungeon (2/15)

Altars:


Innate Abilities, Weirdness & Mutations

You have sharp toenails.
You sometimes gain a little power by taking damage.


Message History

The hobgoblin barely misses you.
Your shield and scale mail prevent you from hitting the hobgoblin.
The goblin closely misses you. The hobgoblin barely misses you.
The hobgoblin hits you with a +0 club!
* * * LOW HITPOINT WARNING * * *
Your shield and scale mail prevent you from hitting the hobgoblin.
Your kick misses the hobgoblin.
The hobgoblin no longer looks unusually strong.
The goblin barely misses you. The hobgoblin closely misses you.
You riposte.
You hit the hobgoblin.
The hobgoblin is almost dead.
The hobgoblin hits you with a +0 club.
* * * LOW HITPOINT WARNING * * *
The goblin barely misses you.
You riposte.
You closely miss the goblin. You closely miss the hobgoblin.
The hobgoblin is almost dead.
You block the hobgoblin's attack.
The hobgoblin hits you but does no damage.
You block the goblin's attack. The hobgoblin hits you.
You die...

#.# .<..
#.##......
#.#.......
#.#.......
#.#.......
#.#.......
...#####g....?...
...gggg@g....(...
.(#######.##....
#.# # .. #.## #.
#..# # #.
##.#.#...
#.####.......#
#.##....#...##
#.#..##...#.#


You could see 3 hobgoblins and 3 goblins.

Vanquished Creatures
  Robin (D:2)
  An ooze (D:1)
  A dart slug (D:1)
  A leopard gecko (D:1)
  6 goblins
  5 hobgoblins
  6 jackals (D:1)
  A ball python (D:1)
  A bat (D:1)
  2 frilled lizards (D:1)
  7 kobolds (D:1)
  A rat (D:1)
33 creatures vanquished.

Notes
Turn   | Place    | Note
-------+----------+-------------------------------------------
     0 | D:1      | BritishOli the Demonspawn Fighter began the quest for the
                  | Orb.
     0 | D:1      | Reached XP level 1. HP: 18/18 MP: 1/1
   394 | D:1      | Gained mutation: You have sharp toenails. [demonic
                  | ancestry]
   394 | D:1      | Reached XP level 2. HP: 24/24 MP: 2/2
   747 | D:1      | Gained mutation: You sometimes gain a little power by
                  | taking damage. [demonic ancestry]
   747 | D:1      | Reached XP level 3. HP: 24/29 MP: 3/3
  1179 | D:2      | Found a faded altar of an unknown god.
  1219 | D:2      | Noticed Robin
  1236 | D:2      | Killed Robin
  1241 | D:2      | Slain by a hobgoblin

Illustrated notes

Levels and vault maps discovered:
D:1:      dpeg_arrival_windows_large_door, layout_loops_corners,
          minmay_pentomino_x4
D:2:      layout_rooms, chequers_ecumenical_altar_simple, uniq_robin,
          uniq_crazy_yiuf_cottage

Skill      XL: |  1  2 |
---------------+-------+-----
Long Blades    | 2 |  2.4
Armour         | 3 |  3.1
Shields        | 3 |  3.1
Fighting       | |  3.4

Action                   || total
-------------------------++-------
Melee: Long sword        ||   100
       Kick              ||    24
  Eat: Ration            ||     1
Armor: Scale mail        ||    62
Dodge: Dodged            ||    48
Block: Kite shield       ||    51
       Rpst.: Long sword ||    15

Table legend:
 A = Non-vault XP
 B = Vault XP
 C = Vault XP percentage of total XP
 D = Non-vault monster count
 E = Vault monster count
 F = Vault count percentage of total count
                 A         B        C        D         E       F
            +---------+---------+-------+---------+---------+-------
      Total |      47 |      33 |  41.2 |      23 |      10 |  30.3
            +---------+---------+-------+---------+---------+-------
        D:1 |      45 |       7 |  13.5 |      22 |       4 |  15.4
        D:2 |       2 |      26 |  92.9 |       1 |       6 |  85.7
            +---------+---------+-------+---------+---------+-------
